 Dungeon Crawl Stone Soup version 0.28.0-47-ge53b351184 (webtiles) character file.

Game seed: 9530313924107411943

1415874 fictitious the Worldbinder (level 26, 224/224 HPs)
             Began as a Pale Draconian Summoner on Apr 30, 2022.
             Was an Elder of Sif Muna.
             Escaped with the Orb
             ... and 3 runes on May 6, 2022!
             The game lasted 09:45:54 (100297 turns).

fictitious the Worldbinder (DrSu)                 Turns: 100297, Time: 09:45:54

Health: 224/224    AC: 18    Str: 17      XL:     26   Next: 32%
Magic:  27/45      EV: 16    Int: 29 (30) God:    Sif Muna [****..]
Gold:   3144       SH: 32    Dex: 14      Spells: 8/62 levels left

rFire   + + +      SeeInvis +   b - +11 spear of Impermanence {vamp, rPois rF++ Str+6}
rCold   + + +      Faith    .   R - +18 shield of the Gong {rElec rN+ Will+ EV-5}
rNeg    + + +      Spirit   .   (armour unavailable)
rPois   +          Reflect  .   S - +1 hat of Impermeability {Will+ Int+4}
rElec   +          Harm     .   M - +2 cloak {rPois}
rCorr   +          Rampage  .   l - +2 pair of gloves "Yraenibb" {rN++ Str-4 Int+4 SInv}
Will    ++++.                   u - -2 pair of boots "Zutinlol" {rElec rC++ Will-}
Stlth   +.........              g - amulet of the Tuna {rC+ Will+ Regen+ rCorr Int-5}
HPRegen 1.27/turn               Z - ring "Miteb" {Will+ rCorr EV+4 Str+4}
MPRegen 0.29/turn               Y - ring of Fun {rF+ rCorr Int+8 Dex-2 SInv}

@: on dragon call cooldown, unable to drink, studying 3 skills
A: breathe steam, AC +12, unfitting armour, cold-blooded, steam resistance,
antennae 1, dopey 2
0: Orb of Zot
}: 3/15 runes: barnacled, silver, gossamer
a: Breathe Steam, Renounce Religion, Channel Magic, Forget Spell, Divine
Exegesis


You escaped.
You worshipped Sif Muna.
Sif Muna was greatly pleased with you.
You visited 10 branches of the dungeon, and saw 49 of its levels.
You also visited: Trove, Ice Cave and Wizlab.

You collected 9037 gold pieces.
You spent 5893 gold pieces at shops.

Inventory:

Hand Weapons
 b - the +11 spear of Impermanence (weapon) {vamp, rPois rF++ Str+6}
   (You found it on level 5 of the Dungeon)

   It occasionally heals its wielder for a portion of the damage dealt when it
   wounds a living foe.
   Str:       It affects your strength (+6).
   rF:        It greatly protects you from fire.
   rPois:     It protects you from poison.
Missiles
 G - 3 throwing nets (quivered)
Armour
 c - a +2 pair of boots
 l - the +2 pair of gloves "Yraenibb" (worn) {rN++ Str-4 Int+4 SInv}
   (You found it on level 3 of the Elven Halls)

   Str:       It affects your strength (-4).
   Int:       It affects your intelligence (+4).
   rN:        It greatly protects you from negative energy.
   SInv:      It lets you see invisible.
 m - a +3 buckler of positive energy
 u - the -2 pair of boots "Zutinlol" (worn) {rElec rC++ Will-}
   (You bought it in a shop on level 2 of the Orcish Mines)

   rC:        It greatly protects you from cold.
   rElec:     It insulates you from electricity.
   Will:      It decreases your willpower.
 M - a +2 cloak of poison resistance (worn)
 R - the +18 shield of the Gong (worn) {rElec rN+ Will+ EV-5}
   (You acquired it on level 5 of the Vaults)

   It is deafeningly noisy when blocking attacks.
   EV:        It affects your evasion (-5).
   rElec:     It insulates you from electricity.
   rN:        It protects you from negative energy.
   Will:      It increases your willpower.
 S - the +1 hat of Impermeability (worn) {Will+ Int+4}
   (You found it in a treasure trove)

   Int:       It affects your intelligence (+4).
   Will:      It increases your willpower.
 W - a +0 kite shield of reflection {Donald}
Magical Staves
 a - a staff of air
 O - a staff of fire
Jewellery
 d - an amulet of reflection
 e - a ring of willpower
 f - a ring of wizardry
 g - the amulet of the Tuna (around neck) {rC+ Will+ Regen+ rCorr Int-5}
   (You found it in a treasure trove)

   [amulet of regeneration]

   Int:       It affects your intelligence (-5).
   rC:        It protects you from cold.
   Regen:     It increases your rate of health regeneration.
   rCorr:     It protects you from acid and corrosion.
   Will:      It increases your willpower.
 r - the ring "Ralleut" {rC+ rN++ Int+2}
   (You took it off a fire giant on level 5 of the Vaults)

   [ring of protection from cold]

   Int:       It affects your intelligence (+2).
   rC:        It protects you from cold.
   rN:        It greatly protects you from negative energy.
 x - the ring of Saric {rF+ Str+8}
   (You took it off a merfolk impaler on level 1 of the Shoals)

   [ring of protection from fire]

   Str:       It affects your strength (+8).
   rF:        It protects you from fire.
 F - the ring of Cockedde {Will+ Slay+3}
   (You took it off an ironbound preserver on level 5 of the Vaults)

   [ring of willpower]

   Slay:      It affects your accuracy & damage with ranged weapons and melee
   (+3).
   Will:      It increases your willpower.
 P - a ring of flight
 Y - the ring of Fun (right hand) {rF+ rCorr Int+8 Dex-2 SInv}
   (You took it off a deep elf demonologist on level 3 of the Elven Halls)

   [ring of see invisible]

   Int:       It affects your intelligence (+8).
   Dex:       It affects your dexterity (-2).
   rF:        It protects you from fire.
   SInv:      It lets you see invisible.
   rCorr:     It protects you from acid and corrosion.
 Z - the ring "Miteb" (left hand) {Will+ rCorr EV+4 Str+4}
   (You bought it in a shop on level 1 of the Depths)

   [ring of evasion]

   EV:        It affects your evasion (+4).
   Str:       It affects your strength (+4).
   rCorr:     It protects you from acid and corrosion.
   Will:      It increases your willpower.
Wands
 A - a wand of acid (24)
 B - a wand of iceblast (49)
 I - a wand of digging (7)
Scrolls
 i - 5 scrolls of immolation
 n - 8 scrolls of enchant weapon
 o - 6 scrolls of fog
 p - 3 scrolls of blinking {!r}
 q - 3 scrolls of enchant armour
 s - 4 scrolls of fear
 t - a scroll of amnesia
 v - 13 scrolls of teleportation
 y - a scroll of brand weapon {!r}
 H - a scroll of silence
 L - a scroll of summoning
 T - 3 scrolls of holy word
Potions
 h - 4 potions of resistance
 j - 4 potions of magic
 k - 10 potions of cancellation
 z - 8 potions of might
 D - 19 potions of curing
 E - 4 potions of haste {!q}
 J - 10 potions of mutation {!q}
 N - 5 potions of flight
 Q - 6 potions of heal wounds
 V - 2 potions of brilliance
 X - 7 potions of ambrosia
Miscellaneous
 K - a phantom mirror
 U - a phantom mirror


   Skills:
 * Level 16.1 Fighting
 - Level 3.0 Short Blades
 - Level 8.0(12.0) Polearms
 - Level 14.0(14.8) Staves
 + Level 12.8 Dodging
 - Level 2.0 Stealth
 - Level 16.0 Shields
 * Level 18.9 Spellcasting
 - Level 15.0 Conjurations
 - Level 3.0 Hexes
 + Level 24.6 Summonings
 - Level 18.0 Fire Magic
 - Level 4.0 Air Magic
 * Level 14.4 Invocations


You had 8 spell levels left.
You knew the following spells:

 Your Spells              Type           Power      Damage    Failure   Level
a - Sticky Flame          Conj/Fire      89%        2d10      1%          4
b - Monstrous Menagerie   Summ           53%        N/A       1%          7
c - Summon Horrible Thin  Summ           53%        N/A       1%          8
d - Dragon's Call         Summ           53%        N/A       11%         9
e - Spellforged Servitor  Conj/Summ      48%        N/A       1%          7
f - Fireball              Conj/Fire      44%        3d18      1%          5
n - Ignition              Fire           46%        3d13      11%         8
y - Iron Shot             Conj/Erth      31%        9d6       19%         6

Your spell library contained the following spells:

 Spells                   Type           Power      Damage    Failure   Level
 Foxfire                  Conj/Fire      100%       2x1d9     0%          1
 Magic Dart               Conj           100%       1d8       0%          1
 Summon Small Mammal      Summ           100%       N/A       0%          1
 Call Imp                 Summ           100%       N/A       0%          2
 Scorch                   Fire           100%       2d10      0%          2
 Searing Ray              Conj           100%       2d8       0%          2
 Call Canine Familiar     Summ           100%       N/A       0%          3
 Conjure Flame            Conj/Fire      89%        6-21      0%          3
 Summon Cactus Giant      Summ           53%        N/A       0%          6
 Shock                    Conj/Air       100%       1d9       1%          1
 Slow                     Hex            100%       N/A       1%          1
 Ensorcelled Hibernation  Hex/Ice        72%        N/A       1%          2
 Poisonous Vapours        Pois/Air       78%        N/A       1%          2
 Static Discharge         Conj/Air       70%        N/A       1%          2
 Dazzling Flash           Conj/Hex       100%       N/A       1%          3
 Ignite Poison            Fire/Tmut/Pois 58%        N/A       1%          3
 Inner Flame              Hex/Fire       73%        N/A       1%          3
 Mephitic Cloud           Conj/Pois/Air  59%        N/A       1%          3
 Stone Arrow              Conj/Erth      100%       3d13      1%          3
 Summon Guardian Golem    Hex/Summ       82%        N/A       1%          3
 Swiftness                Air            50%        N/A       1%          3
 Flame Wave               Conj/Fire      89%        2d15      1%          4
 Fulminant Prism          Conj/Hex       34%        3d16      1%          4
 Hailstorm                Conj/Ice       63%        3d13      1%          4
 Iskenderun's Mystic Bla  Conj/Tloc      63%        2d13      1%          4
 Summon Ice Beast         Ice/Summ       78%        N/A       1%          4
 Summon Lightning Spire   Summ/Air       84%        N/A       1%          4
 Iskenderun's Battlesphe  Conj           85%        2d13      1%          5
 Lightning Bolt           Conj/Air       35%        1d53      1%          5
 Summon Forest            Summ/Tloc      39%        N/A       1%          5
 Summon Mana Viper        Hex/Summ       82%        N/A       1%          5
 Starburst                Conj/Fire      44%        6d12      1%          6
 Summon Hydra             Summ           53%        N/A       1%          7
 Animate Skeleton         Necr           54%        N/A       2%          1
 Apportation              Tloc           54%        N/A       2%          1
 Beastly Appendage        Tmut           54%        N/A       2%          1
 Freeze                   Ice            100%       1d11      2%          1
 Sandblast                Erth           54%        2d13      2%          1
 Sting                    Tmut/Pois      100%       1d8       2%          1
 Confusing Touch          Hex            44%        N/A       2%          3
 Tukima's Dance           Hex            44%        N/A       2%          3
 Passwall                 Tmut/Erth      22%        N/A       3%          2
 Sublimation of Blood     Necr           27%        N/A       3%          2
 Wereblood                Tmut           27%        N/A       3%          2
 Irradiate                Conj/Tmut      31%        3d23      3%          5
 Portal Projectile        Hex/Tloc       72%        N/A       4%          3
 Airstrike                Air            25%        N/A       4%          4
 Orb of Destruction       Conj           42%        9d12      4%          7
 Freezing Cloud           Conj/Ice/Air   29%        6-21      5%          5
 Frozen Ramparts          Ice            54%        1d7       8%          3
 Gell's Gravitas          Tloc           27%        N/A       8%          3
 Lesser Beckoning         Tloc           27%        N/A       8%          3
 Ozocubu's Armour         Ice            27%        N/A       8%          3
 Spider Form              Tmut/Pois      27%        N/A       8%          3
 Teleport Other           Tloc           27%        N/A       8%          3
 Vampiric Draining        Necr           27%        2d7       8%          3
 Cause Fear               Hex            22%        N/A       8%          4
 Conjure Ball Lightning   Conj/Air       35%        3x3d11    8%          6
 Anguish                  Hex/Necr       18%        N/A       14%         4
 Leda's Liquefaction      Hex/Erth       18%        N/A       14%         4
 Haunt                    Necr/Summ      39%        N/A       14%         7
 Malign Gateway           Summ/Tloc      39%        N/A       14%         7
 Silence                  Hex/Air        23%        N/A       17%         5
 Animate Dead             Necr           13%        N/A       26%         4
 Dispel Undead            Necr           27%        3d13      26%         4
 Ice Form                 Ice/Tmut       27%        N/A       26%         4
 Olgreb's Toxic Radiance  Pois           27%        N/A       26%         4
 Passage of Golubria      Tloc           27%        N/A       26%         4
 Petrify                  Tmut/Erth      27%        N/A       26%         4
 Metabolic Englaciation   Hex/Ice        18%        N/A       36%         5
 Agony                    Necr           27%        N/A       56%         5
 Alistair's Intoxication  Tmut/Pois      18%        N/A       56%         5
 Blade Hands              Tmut           13%        N/A       56%         5
 Borgnjor's Vile Clutch   Necr/Erth      13%        N/A       56%         5
 Lee's Rapid Deconstruct  Erth           13%        3d10*     56%         5
 Manifold Assault         Tloc           27%        N/A       56%         5
 Dispersal                Tloc           13%        N/A       98%         6
 Eringya's Noxious Bog    Tmut/Pois      13%        N/A       98%         6
 Simulacrum               Ice/Necr       13%        N/A       98%         6
 Statue Form              Tmut/Erth      18%        N/A       98%         6
 Enfeeble                 Hex            22%        N/A       99%         7
 Dragon Form              Tmut           13%        N/A       100%        7
 Ozocubu's Refrigeration  Ice            13%        4d7       100%        7
 Storm Form               Tmut/Air       19%        N/A       100%        7
 Borgnjor's Revivificati  Necr           13%        N/A       100%        8
 Discord                  Hex            22%        N/A       100%        8
 Disjunction              Tloc           13%        N/A       100%        8
 Infestation              Necr           13%        N/A       100%        8
 Lehudib's Crystal Spear  Conj/Erth      31%        10d8      100%        8
 Fire Storm               Conj/Fire      44%        8d11      96%         9
 Chain Lightning          Conj/Air       35%        3d46      100%        9
 Shatter                  Erth           13%        3d14*     100%        9
 Animate Armour           Summ/Erth      Unusable   N/A       N/A         4

Dungeon Overview and Level Annotations

Branches:
Dungeon (15/15)            Temple (1/1) D:7            Lair (6/6) D:11
 Shoals (4/4) Lair:4       Spider (4/4) Lair:2        Slime (0/5) Lair:6
    Orc (2/2) D:10            Elf (3/3) Orc:2        Vaults (5/5) D:14
  Crypt (0/3) Vaults:3     Depths (4/4) D:15            Zot (5/5) Depths:4
  IceCv (visited)          WizLab (visited)

Altars:
Ashenzari
Cheibriados
Dithmenos
Elyvilon
Fedhas
Gozag
Kikubaaqudgha
Makhleb
Nemelex Xobeh
Okawaru
Ru
Sif Muna
Trog
Uskayaw
Vehumet
Wu Jian
Xom
Yredelemnul
Zin
The Shining One

Shops:
D:8 ?   D:9 *   D:10 (*?   D:11 *   D:13 *   Orc:2 [[=(   Elf:3 **   Shoals:2 :
Vaults:5 [?   Depths:1 =:=

Portals:
Hell: Lair:6 Depths:1 Depths:2 Depths:3 Depths:4
Abyss: Vaults:4 Depths:3
Pandemonium: Depths:2
Ziggurat: Depths:3

Annotations:
D:15 3 runed translucent doors, acdeimund's ghost, adept MfGl
Vaults:4 2 transporters, Myucewn's ghost, veteran MiFi
Zot:1 1 runed translucent door, Flapstick's ghost, legendary HaBe
Zot:4 1 runed translucent door, croobank's ghost, veteran HOFi


Innate Abilities, Weirdness & Mutations

You can breathe blasts of scalding, opaque steam.
Your pale cyan-grey scales are hard. (AC +12)
You cannot fit into any form of body armour.
You are cold-blooded and may be slowed by cold attacks.
You are immune to the effects of steam.
You have a pair of small antennae on your head.
You are very dopey. (Int -4)


Message History

The spriggan shouts!
There is an open door here.
You hear a shout!
The formicid shouts!
You hear a shout!
You hear a shout!
The demigod shouts!
You hear a bellow!
Your extra speed is starting to run out.
The demonspawn shouts!
The merfolk shouts!
You hear a shout!
You hear a roar!
The kobold shouts!
You hear a shout!
The minotaur bellows!
The troll shouts!
You hear a shout!
The dwarf shouts!
The draconian roars!
You feel yourself slow down.
You hear a shout!
You hear a shout!
The orc shouts!
You hear a shout!
You hear an angry hiss.
You hear a shout!
You hear a shout! x2
The vine stalker shouts!
The elf shouts!
The tengu shouts!
The human shouts!
There is an open door here.
There is a staircase leading out of the dungeon here.
Okay, then.
The heat is drained from your surroundings.
You feel very cold.
The roar of the dragon horde subsides.
Okay, then.
You have escaped!

#.# #.# #.#
#.#######
#........
###############
####Q#e#f#N#o#n#g#
#..###############
#@.'..............
#..###############
####p#h#.#V#.#O#d#
###############


There were no monsters in sight!

Vanquished Creatures
  2 golden dragons
  2 electric golems
  An Orb Guardian (Zot:5)
  A lich (Depths:2)
  A deep elf master archer (Elf:3)
  A deep elf blademaster (Elf:3)
  Gastronok (Lair:1)
  3 storm dragons
  4 frost giants
  A draconian scorcher (Zot:3)
  An iron dragon (Vaults:4)
  4 vault wardens
  2 ghost moths
  A draconian shifter (Zot:5)
  2 ironbound preservers
  A broodmother (Spider:4)
  2 very ugly things
  A war gargoyle (Vaults:5)
  4 stone giants
  3 ironbound thunderhulks
  Azrael (Orc:1)
  2 deep elf annihilators (Elf:3)
  A red draconian (Depths:4)
  A white draconian (Zot:2)
  3 deep elf demonologists
  2 entropy weavers
  A merfolk javelineer (Shoals:3)
  3 yaktaur captains
  A merfolk impaler (Depths:4)
  2 deep elf high priests
  A peacekeeper (Vaults:4)
  2 boulder beetles (D:15)
  Harold (D:10)
  22 vault guards
  8 centaur warriors
  An ironbound frostheart (Vaults:2)
  2 merfolk aquamancers
  5 dancing weapons
  An alligator snapping turtle (Shoals:3)
  A two-headed ogre (D:7)
  A satyr (Shoals:2)
  3 tengu warriors
  A vampire mage (Depths:3)
  3 orc high priests (Orc:2)
  A deep troll earth mage (Depths:1)
  2 deep elf knights (Elf:2)
  2 spriggan berserkers
  A flayed ghost (Vaults:5)
  2 pharaoh ants
  2 steelbarb worms
  4 deep trolls
  2 glowing orange brains (Depths:4)
  3 sea snakes
  3 wizards
  11 harpies
  7 ironbound convokers
  2 deep elf archers
  7 deep elf zephyrmancers
  4 orc knights (Orc:2)
  7 deep elf pyromancers
  3 fauns
  3 wolf spiders
  2 manticores (Shoals:3)
  3 moths of wrath
  4 ugly things
  A water nymph (Shoals:3)
  An elephant (Lair:6)
  4 vault sentinels
  An ice statue (IceCv)
  A black mamba (Lair:6)
  7 cane toads
  A torpor snail (Lair:5)
  A molten gargoyle (Lair:5)
  A storm dragon simulacrum (Depths:1)
  A gargoyle (D:11)
  2 rime drakes (Lair:6)
  5 yaktaurs
  A demonic crawler (Spider:4)
  An anaconda simulacrum (IceCv)
  An ice devil (Lair:4)
  8 komodo dragons
  A tengu conjurer (D:8)
  4 meliai
  2 hornets
  A polar bear (Lair:3)
  5 trolls
  3 merfolk
  2 wind drakes
  7 blink frogs
  4 tarantellas
  2 dream sheep (Lair:5)
  2 snapping turtles
  3 slime creatures
  An air elemental (Elf:2)
  2 culicivoras
  4 jumping spiders
  2 shadows
  A dire elephant simulacrum (IceCv)
  2 wraiths (D:10)
  3 wyverns
  A vampire (D:9)
  25 yaks
  15 water elementals
  4 fire elementals
  2 basilisks
  3 humans
  11 redbacks
  A steam dragon (D:5)
  2 death yak simulacra (IceCv)
  5 vampire mosquitoes
  Grum (D:8)
  A harpy simulacrum (IceCv)
  2 acid dragons
  14 water moccasins
  6 wargs (Orc:2)
  2 hell hounds (Orc:2)
  14 orc warriors
  A black bear (D:6)
  4 ogres
  A necrophage (D:6)
  24 wolves
  5 centaurs
  15 bullfrogs
  2 kobold brigands
  A gnoll sergeant (D:10)
  An earth elemental (Elf:1)
  A scorpion (D:5)
  2 water moccasin skeletons
  5 killer bees (D:7)
  4 wights
  5 howler monkeys
  An electric eel (D:7)
  8 nameless horrors
  4 lava snakes (Lair:5)
  A quasit (D:6)
  2 centaur zombies
  13 orc priests
  7 orc wizards
  Natasha (D:3)
  9 hell rats (Lair:4)
  A polar bear simulacrum (IceCv)
  3 troll simulacra (IceCv)
  A spriggan simulacrum (IceCv)
  A hound skeleton (D:4)
  3 gnolls
  A howler monkey skeleton (D:7)
  A shadow imp (D:7)
  2 white imps
  An ufetubus (IceCv)
  A worm (D:3)
  A dart slug (D:5)
  36 orcs
  An endoplasm (D:4)
  6 goblins
  2 hobgoblins
  2 jackals (D:4)
  6 quokkas
  4 bats
  3 frilled lizards
  10 kobolds
  5 rats
587 creatures vanquished.

Vanquished Creatures (collateral kills)
  5 ancient liches
  Mara (Vaults:2)
  7 orbs of fire
  2 juggernauts (Depths:2)
  Bai Suzhen (Depths:1)
  5 Killer Klowns
  Saint Roka (Depths:1)
  12 caustic shrikes
  Nikola (Vaults:2)
  18 golden dragons
  the Enchantress (Depths:1)
  The ghost of bronco the Cutthroat, a veteran DEFi of Hepliaklqana (Depths:2)
  Jorgrun (Shoals:3)
  A walking crystal tome (WizLab)
  4 electric golems
  24 Orb Guardians (Zot:5)
  Rupert (D:13)
  2 liches
  18 tentacled monstrosities
  Asterion (Depths:2)
  A walking divine tome (WizLab)
  A deep elf blademaster (Elf:2)
  A walking frostbound tome (Depths:1)
  7 titans
  3 quicksilver dragons
  An acid blob (shapeshifter) (Depths:2)
  4 sphinxes
  A kraken (Shoals:1)
  8 death cobs
  Frances (Spider:1)
  An Executioner (Vaults:4)
  11 shadow dragons
  5 tengu reavers
  A draconian monk (Zot:3)
  14 storm dragons
  A strange machine (WizLab)
  Donald (Shoals:1)
  8 fire giants
  4 deep elf sorcerers
  7 frost giants
  3 draconian knights
  2 orc warlords (Vaults:3)
  A curse skull (Vaults:3)
  6 draconian scorchers
  21 vault wardens
  2 emperor scorpions (Spider:4)
  5 ghost moths
  2 iron dragons (Depths:3)
  2 balrugs
  A cacodemon (Zot:1)
  6 draconian annihilators
  3 draconian shifters
  A reaper (Depths:3)
  3 deep elf elementalists (Elf:3)
  15 ironbound preservers
  4 broodmothers
  A draconian stormcaller (Zot:2)
  4 spriggan defenders
  5 war gargoyles
  A vampire knight (Depths:4)
  3 ironbound thunderhulks
  6 green draconians
  5 red draconians
  13 very ugly things
  6 black draconians
  7 deep elf annihilators
  16 stone giants
  5 deep elf demonologists
  9 white draconians
  7 entropy weavers
  7 purple draconians
  8 spark wasps
  5 dire elephants (Vaults:1)
  8 yellow draconians
  7 deep elf death magi
  A blizzard demon (D:9)
  5 merfolk javelineers
  10 fire dragons
  9 ettins
  3 jiangshi (Depths:3)
  10 merfolk impalers
  13 yaktaur captains
  Josephine (D:10)
  10 boulder beetles
  6 great orbs of eyes
  6 deep elf high priests
  The ghost of pkoi the Archer, a journeyman DgVM (Lair:3)
  9 vault guards
  7 rakshasas
  15 hydras
  15 centaur warriors
  Fannar (D:12)
  A hell beast (Depths:3)
  8 ice dragons
  3 spriggan air magi
  3 jorogumos
  9 merfolk aquamancers
  2 merfolk avatars (Shoals:4)
  5 two-headed ogres
  An ogre mage (Vaults:3)
  3 ironbound frosthearts
  3 peacekeepers
  A two-headed ogre (shapeshifter) (Depths:2)
  41 dancing weapons
  A satyr (Shoals:3)
  2 orc high priests (Orc:2)
  6 tengu warriors
  6 deep troll earth magi
  9 deep troll shamans
  3 spriggan berserkers
  6 hell knights
  10 deep elf knights
  3 sun demons
  Nergalle (D:12)
  3 sun moths
  4 pharaoh ants
  A wretched star (Vaults:4)
  13 sea snakes
  8 iron trolls
  32 deep trolls
  4 skeletal warriors
  A sixfirhy (Zot:1)
  10 orb spiders
  2 glowing orange brains
  A swamp dragon (Zot:3)
  14 ironbound convokers
  3 steelbarb worms
  2 bog bodies (IceCv)
  7 necromancers
  6 phantasmal warriors
  9 lindwurms
  Pikel (D:9)
  12 deep elf archers
  4 flayed ghosts
  26 harpies
  10 wizards
  13 orc knights
  21 deep elf pyromancers
  18 deep elf zephyrmancers
  18 wolf spiders
  2 orc sorcerers
  A manticore (shapeshifter) (Vaults:5)
  A fire giant zombie (Vaults:3)
  6 cyclopes
  An oklob plant (Lair:1)
  7 manticores
  19 fauns
  A frost giant skeleton (Depths:1)
  35 ugly things
  A tengu skeleton (Vaults:3)
  2 human skeletons (Vaults:3)
  23 moths of wrath
  3 black mambas
  A stone giant skeleton (Vaults:3)
  4 water nymphs
  8 merfolk sirens
  9 vault sentinels
  A molten gargoyle (Lair:5)
  An orange demon (Lair:6)
  4 torpor snails
  3 apocalypse crabs (Shoals:1)
  An elephant (Lair:5)
  A torpor snail (shapeshifter) (Depths:3)
  3 komodo dragons
  Psyche (D:9)
  14 cane toads
  5 rime drakes
  A rime drake (shapeshifter) (Vaults:5)
  9 yaktaurs
  9 demonic crawlers
  A kobold demonologist (D:14)
  2 hellwings
  2 ice devils
  6 tengu conjurers
  5 red devils
  18 meliai
  A polar bear (Lair:5)
  2 trolls (shapeshifter)
  3 trolls
  19 merfolk
  30 tarantellas
  7 hornets
  5 wind drakes
  11 slime creatures
  10 snapping turtles
  A tyrant leech (shapeshifter) (Vaults:5)
  11 dream sheep
  11 blink frogs
  A slime creature (shapeshifter) (Elf:1)
  2 dream sheep (shapeshifter)
  30 jumping spiders
  A spriggan (shapeshifter) (Vaults:5)
  2 wraiths (D:10)
  A dire elephant simulacrum (IceCv)
  23 culicivoras
  An ettin skeleton (Depths:1)
  Sigmund (D:3)
  9 spriggans
  A hog (shapeshifter) (Vaults:5)
  33 water elementals
  A wyvern (shapeshifter) (Vaults:5)
  2 fire elementals
  6 basilisks
  29 yaks
  A fire bat (shapeshifter) (Vaults:5)
  2 golden eyes (shapeshifter)
  12 humans
  37 redbacks
  7 vampire mosquitoes
  A chaos spawn (Zot:1)
  2 death yak simulacra (IceCv)
  Menkaure (D:4)
  A human zombie (Vaults:3)
  2 wargs
  2 harpy simulacra (IceCv)
  11 water moccasins
  2 floating eyes
  5 hell hounds
  2 acid dragons
  A meliai simulacrum (D:15)
  A black bear (D:4)
  25 orc warriors
  20 wolves
  4 ogres
  3 boggarts
  A necrophage (D:6)
  An ogre (shapeshifter) (D:8)
  14 centaurs
  A lemure (D:9)
  3 kobold brigands
  4 two-headed ogre simulacra (IceCv)
  3 bullfrogs
  A scorpion (Lair:3)
  An earth elemental (Elf:1)
  A cane toad simulacrum (IceCv)
  2 elephant simulacra (IceCv)
  8 killer bees
  3 wights
  3 electric eels (D:7)
  3 howler monkeys
  A lava snake (Lair:5)
  A human simulacrum (Vaults:3)
  A hound (D:4)
  4 jellies
  A gnoll shaman (Orc:2)
  18 orc priests
  7 orc wizards
  Natasha (twice) (D:3)
  An iguana (D:4)
  5 hell rats (Lair:4)
  A statue (D:12)
  2 polar bear simulacra (IceCv)
  3 spriggan simulacra (IceCv)
  6 troll simulacra (IceCv)
  8 gnolls
  7 naga simulacra (IceCv)
  An adder (D:4)
  A shadow imp (D:7)
  3 white imps (IceCv)
  2 ufetubi (IceCv)
  An adder zombie (D:5)
  2 dart slugs
  39 orcs
  4 ball pythons
  2 bats
  7 endoplasms
  3 giant cockroaches
  3 goblins
  5 hobgoblins
  2 quokkas
  A frilled lizard (D:1)
  17 kobolds
  3 rats
  A bush (Lair:6)
  3 tentacles (Shoals:1)
1704 creatures vanquished.

Vanquished Creatures (others)
  A hydra (D:11)
  2 deep elf knights (Elf:2)
  A deep elf archer (Elf:1)
  5 wizards
  An orc knight (D:11)
  2 deep elf zephyrmancers (Elf:1)
  A jumping spider (Spider:1)
  An orc warrior (Orc:1)
  A kobold brigand (D:9)
  2 orcs (Orc:2)
  54 fungi
  195 plants
  4 tentacles (Shoals:1)
270 creatures vanquished.

Grand Total: 2561 creatures vanquished

Notes
Turn   | Place    | Note
-------+----------+-------------------------------------------
     0 | D:1      | fictitious the Draconian Summoner began the quest for the
                  | Orb.
     0 | D:1      | Reached XP level 1. HP: 14/14 MP: 3/3
     3 | D:1      | Noticed a tengu
     3 | D:1      | Noticed a human
     5 | D:1      | Noticed an elf
     5 | D:1      | Noticed a felid
     7 | D:1      | Noticed a vine stalker
     9 | D:1      | Noticed a naga
     9 | D:1      | Noticed a vampire
    13 | D:1      | Noticed a ghoul
    13 | D:1      | Noticed an ogre
    15 | D:1      | Noticed a dwarf
    15 | D:1      | Noticed a draconian
    17 | D:1      | Noticed a minotaur
    17 | D:1      | Noticed a troll
    21 | D:1      | Noticed a demonspawn
    21 | D:1      | Noticed a merfolk
    23 | D:1      | Noticed a demigod
    23 | D:1      | Noticed a gargoyle
    25 | D:1      | Noticed an octopode
    25 | D:1      | Noticed a formicid
    27 | D:1      | Noticed a spriggan
   493 | D:1      | Reached XP level 2. HP: 20/20 MP: 1/5
   514 | D:1      | Learned a level 2 spell: Call Imp
  1307 | D:2      | Reached XP level 3. HP: 23/26 MP: 4/7
  1896 | D:2      | Learned a level 3 spell: Call Canine Familiar
  2201 | D:3      | Reached skill level 1 in Fighting
  2326 | D:3      | Noticed Natasha
  2328 | D:3      | Killed Natasha
  2329 | D:3      | Reached skill level 1 in Short Blades
  2329 | D:3      | Reached XP level 4. HP: 35/35 MP: 6/8
  2409 | D:3      | Noticed Sigmund
  2420 | D:3      | Killed Sigmund
  2421 | D:3      | Reached skill level 5 in Summonings
  2421 | D:3      | Reached XP level 5. HP: 37/41 MP: 1/11
  2421 | D:3      | Reached XP level 6. HP: 43/48 MP: 1/12
  2745 | D:3      | Noticed Natasha
  2762 | D:3      | Killed Natasha
  3198 | D:3      | Noticed Natasha
  3205 | D:3      | Killed Natasha
  3303 | D:3      | Identified a scroll of acquirement
  3303 | D:3      | Acquired the +10 lajatang "Ejoloov" {freeze, Int+3}
  3332 | D:4      | Noticed Menkaure
  3342 | D:4      | Killed Menkaure
  3343 | D:4      | Reached skill level 1 in Staves
  3343 | D:4      | Your scales start taking on a pale cyan-grey colour.
  3343 | D:4      | Reached XP level 7. HP: 48/55 MP: 7/13
  3343 | D:4      | Gained mutation: You are immune to the effects of steam.
                  | [Pale Draconian growth]
  3954 | D:5      | Entered Level 5 of the Dungeon
  3971 | D:5      | Noticed a steam dragon
  3994 | D:5      | Killed a steam dragon
  3995 | D:5      | Reached skill level 6 in Summonings
  4386 | D:5      | Found a hide-covered altar of Uskayaw.
  4518 | D:5      | Found a basalt altar of Yredelemnul.
  4562 | D:5      | Reached XP level 8. HP: 57/61 MP: 9/14
  4801 | D:5      | Reached skill level 7 in Summonings
  4828 | D:5      | Identified the +11 spear of Impermanence {vamp, rPois rF++
                  | Str+6}
  5023 | D:5      | Reached skill level 5 in Staves
  5617 | D:6      | Reached skill level 8 in Summonings
  5749 | D:6      | Found a broken altar of Ashenzari.
  5755 | D:6      | Found a radiant altar of Vehumet.
  5755 | D:6      | Found a shadowy altar of Dithmenos.
  5817 | D:6      | Reached XP level 9. HP: 69/69 MP: 11/15
  5971 | D:6      | Found a glowing golden altar of the Shining One.
  5978 | D:6      | Found a glowing silver altar of Zin.
  5979 | D:6      | Found a white marble altar of Elyvilon.
  6291 | D:7      | Reached skill level 5 in Spellcasting
  6564 | D:7      | Found a staircase to the Ecumenical Temple.
  6573 | Temple   | Entered the Ecumenical Temple
  6730 | Temple   | Became a worshipper of Sif Muna the Loreminder
  6737 | Temple   | Learned a level 4 spell: Summon Lightning Spire
  6741 | Temple   | Learned a level 3 spell: Summon Guardian Golem
  7160 | D:7      | Noticed a two-headed ogre
  7167 | D:7      | Killed a two-headed ogre
  7168 | D:7      | Reached skill level 1 in Hexes
  8923 | D:8      | Found Fiepn's Magic Scroll Shop.
  8932 | D:8      | Bought a scroll of fear for 42 gold pieces
  8932 | D:8      | Bought a scroll of blinking for 90 gold pieces
  8932 | D:8      | Bought a scroll of magic mapping for 42 gold pieces
  9062 | D:8      | You fall into a shaft and drop 2 floors!
  9062 | D:10     | Entered Level 10 of the Dungeon
  9084 | D:10     | Noticed Josephine
  9114 | D:10     | Found a staircase to the Orcish Mines.
  9139 | D:10     | Found Echuz's General Store.
  9267 | D:10     | Noticed a two-headed ogre
  9470 | D:10     | Found Kuv Fy Moe's Magic Scroll Emporium.
  9650 | D:9      | Reached XP level 10. HP: 78/78 MP: 13/20
 10322 | D:8      | Reached * piety under Sif Muna
 10375 | D:8      | Noticed a centaur warrior
 10377 | D:8      | Noticed a two-headed ogre
 10386 | D:8      | Killed a centaur warrior
 10387 | D:8      | Reached skill level 1 in Invocations
 10394 | D:8      | Noticed a centaur warrior
 10574 | D:8      | Killed a centaur warrior
 10696 | D:8      | Noticed Grum
 10702 | D:8      | Killed Grum
 10724 | D:8      | Reached skill level 5 in Fighting
 10897 | D:8      | Noticed a deep elf pyromancer
 10940 | D:8      | Killed a deep elf pyromancer
 10945 | D:8      | Noticed a two-headed ogre
 10945 | D:8      | Killed a two-headed ogre
 10946 | D:8      | Reached XP level 11. HP: 50/89 MP: 9/23
 11169 | D:8      | Killed a two-headed ogre
 11170 | D:8      | Reached skill level 9 in Summonings
 11220 | D:8      | Noticed a skeletal warrior
 11223 | D:8      | Noticed a two-headed ogre
 11246 | D:8      | Killed a skeletal warrior
 11247 | D:8      | Reached skill level 5 in Invocations
 11249 | D:8      | Killed a two-headed ogre
 11411 | D:8      | Got Faun's Incunabulum of the Virous Compass
 11561 | D:10     | Bought a scroll of blinking for 112 gold pieces
 11561 | D:10     | Bought a scroll of teleportation for 45 gold pieces
 11915 | D:9      | Reached skill level 10 in Summonings
 11921 | D:9      | Reached ** piety under Sif Muna
 12053 | D:9      | Noticed Psyche
 12069 | D:9      | Killed Psyche
 12143 | D:9      | Found Inup's Assorted Antiques.
 12162 | D:9      | Reached skill level 11 in Summonings
 12172 | D:9      | Bought a scroll labelled COFFESH MAODU for 23 gold pieces
 12215 | D:9      | Noticed Pikel
 12224 | D:9      | Killed Pikel
 12342 | D:9      | Found a blossoming altar of Fedhas.
 12587 | D:10     | Reached skill level 12 in Summonings
 12787 | D:10     | Noticed Harold
 12834 | D:10     | Killed Josephine
 12839 | D:10     | Reached XP level 12. HP: 97/97 MP: 11/24
 12848 | D:10     | Killed Harold
 12989 | D:10     | Found Axzuolyo's Antique Weapon Boutique.
 13289 | D:10     | Killed a two-headed ogre
 13465 | D:11     | Noticed a seven-headed hydra
 13471 | D:11     | Killed a seven-headed hydra
 13555 | D:11     | Found a portal to a secret trove of treasure.
 13678 | D:11     | Reached *** piety under Sif Muna
 13996 | D:11     | Found a staircase to the Lair.
 14089 | D:11     | Found Poucumet's Demolitions Depot.
 14346 | Orc:1    | Entered Level 1 of the Orcish Mines
 14739 | Orc:1    | You fall into a shaft and drop 1 floor!
 14739 | Orc:2    | Entered Level 2 of the Orcish Mines
 15088 | Orc:1    | Reached skill level 5 in Dodging
 15553 | Orc:2    | Noticed Azrael
 15938 | Orc:1    | Reached **** piety under Sif Muna
 15940 | Orc:1    | Killed Azrael
 16785 | Orc:2    | Found a staircase to the Elven Halls.
 16971 | Orc:2    | Found a burning altar of Makhleb.
 17025 | Orc:2    | Reached skill level 13 in Summonings
 17025 | Orc:2    | Reached XP level 13. HP: 107/107 MP: 16/26
 17445 | Orc:2    | Reached ***** piety under Sif Muna
 17965 | Orc:2    | Received a gift from Sif Muna
 17966 | Orc:2    | Got Sif Muna's Handbook of Glacial Creation {god gift}
 18017 | Orc:2    | Learned a level 6 spell: Summon Cactus Giant
 18025 | Orc:2    | Learned a level 7 spell: Monstrous Menagerie
 18052 | Orc:2    | Reached skill level 10 in Staves
 18491 | Orc:2    | Reached skill level 10 in Spellcasting
 18707 | Orc:2    | Found Qouz's Weapon Emporium.
 18707 | Orc:2    | Found Gama's Jewellery Emporium.
 18708 | Orc:2    | Found Radghiulu's Antique Armour Shoppe.
 18708 | Orc:2    | Found Litol's Armour Emporium.
 18722 | Orc:2    | Bought a pair of shimmering boots for 237 gold pieces
 18722 | Orc:2    | Identified the -2 pair of boots "Zutinlol" {rElec rC++
                  | Will-} (You bought it in a shop on level 2 of the Orcish
                  | Mines)
 18725 | Orc:2    | Bought a scarf of repulsion for 192 gold pieces
 18883 | D:9      | Bought a scroll of magic mapping for 80 gold pieces
 18883 | D:9      | Bought a scroll of magic mapping for 80 gold pieces
 19012 | Lair:1   | Entered Level 1 of the Lair of Beasts
 19012 | Lair:1   | Noticed Gastronok
 19045 | Lair:1   | Killed Gastronok
 19156 | Lair:1   | Reached skill level 14 in Summonings
 20047 | Lair:1   | Found a glowing golden altar of the Shining One.
 20317 | Lair:3   | You fall into a shaft and drop 1 floor!
 20460 | Lair:4   | Found a frozen archway.
 20544 | IceCv    | Entered an ice cave
 21260 | IceCv    | Received a gift from Sif Muna
 21261 | IceCv    | Got Sif Muna's Handbook of Conjuration and Necromancy {god
                  | gift}
 21881 | Lair:3   | Reached XP level 14. HP: 100/116 MP: 13/28
 22054 | Lair:3   | Identified the +0 pair of gloves of Tartarus {Str+4 Int-4}
 22071 | Lair:3   | Found a basalt altar of Yredelemnul.
 22899 | Lair:2   | Found a hole to the Spider Nest.
 23503 | Lair:3   | Reached skill level 15 in Summonings
 24168 | Lair:3   | Found a runed translucent door.
 24172 | Lair:3   | Noticed pkoi's ghost (journeyman DgVM)
 24175 | Lair:3   | Identified the +2 trident of the Moon {vorpal, *Noise
                  | Int+5}
 25149 | Lair:4   | Found a staircase to the Shoals.
 26146 | Lair:5   | Received a gift from Sif Muna
 26148 | Lair:5   | Got Sif Muna's Early Guide to Spellcasting {god gift}
 26415 | Lair:5   | Learned a level 4 spell: Sticky Flame
 26548 | Lair:5   | Learned a level 4 spell: Summon Ice Beast
 26942 | Lair:5   | Reached skill level 1 in Fire Magic
 27472 | Lair:6   | Entered Level 6 of the Lair of Beasts
 27486 | Lair:6   | Reached skill level 1 in Conjurations
 28476 | Lair:6   | Found a staircase to the Slime Pits.
 28501 | Lair:6   | Reached XP level 15. HP: 111/126 MP: 29/29
 28844 | Lair:6   | Reached skill level 16 in Summonings
 28940 | Lair:6   | Received a gift from Sif Muna
 28941 | Lair:6   | Got Sif Muna's Collected Works on the Escort {god gift}
 28990 | Lair:5   | Learned a level 7 spell: Summon Hydra
 29478 | Lair:6   | Reached skill level 10 in Fighting
 29757 | Lair:6   | Found a burning altar of Makhleb.
 30500 | Lair:6   | Found a gateway to Hell.
 30507 | Lair:6   | Identified the +7 hand axe "Ydagirph" {pain, rF+}
 30762 | D:10     | Bought a scroll of amnesia for 52 gold pieces
 31294 | D:12     | Noticed Nergalle
 31299 | D:12     | Killed Nergalle
 31301 | D:12     | Found a radiant altar of Vehumet.
 31359 | D:12     | Noticed Fannar
 31365 | D:12     | Killed Fannar
 32428 | D:13     | Found Gaophem's Wicked Wares.
 33201 | D:13     | Received a gift from Sif Muna
 33202 | D:13     | Got Sif Muna's Tome of the Blistering Traveller {god gift}
 33704 | D:14     | Noticed Rupert
 33704 | D:14     | Found a gate to the Vaults.
 33747 | D:13     | Killed Rupert
 35374 | D:15     | Entered Level 15 of the Dungeon
 36193 | D:15     | Identified the +11 quarterstaff of Igireala {protect,
                  | +Blink rC+ rN+ SInv}
 36650 | D:15     | Reached skill level 17 in Summonings
 36650 | D:15     | Reached XP level 16. HP: 126/136 MP: 6/31
 36830 | D:15     | Found a staircase to the Depths.
 36995 | D:15     | Found a runed translucent gate.
 36995 | D:15     | Found a runed translucent gate.
 36995 | D:15     | Found a runed translucent gate.
 36997 | D:15     | Found an ancient bone altar of Kikubaaqudgha.
 36997 | D:15     | Noticed a lich
 36997 | D:15     | Noticed a lich
 36997 | D:15     | Noticed a lich
 36997 | D:15     | Noticed a lich
 36998 | D:15     | Noticed acdeimund's ghost (adept MfGl)
 37348 | Spider:1 | Entered Level 1 of the Spider Nest
 37380 | Spider:1 | Reached skill level 1 in Shields
 39254 | Spider:1 | You fall into a shaft and drop 1 floor!
 39955 | Spider:1 | Noticed Frances
 39970 | Spider:1 | Killed Frances
 40600 | Spider:1 | Learned a level 5 spell: Fireball
 41276 | Spider:2 | Received a gift from Sif Muna
 41277 | Spider:2 | Got Tialanoh's Guide on Enchantment and Arcane Weapons {god
                  | gift}
 42049 | Spider:2 | Reached skill level 5 in Fire Magic
 42384 | Spider:2 | Reached skill level 18 in Summonings
 42929 | Spider:3 | Reached skill level 5 in Conjurations
 44101 | Spider:3 | Received a gift from Sif Muna
 44102 | Spider:3 | Reached XP level 17. HP: 146/146 MP: 15/33
 44107 | Spider:3 | Got Bisedics's Compendium of Creative Air {god gift}
 44685 | Spider:3 | Paralysed by a jorogumo for 1 turns
 45572 | Shoals:1 | Entered Level 1 of the Shoals
 46415 | Shoals:1 | Noticed Donald
 46426 | Shoals:1 | Killed Donald
 46663 | Shoals:1 | Noticed a kraken
 46671 | Shoals:1 | Killed a kraken
 47863 | Shoals:1 | Identified the ring of Saric {rF+ Str+8}
 48081 | Shoals:1 | Noticed a tentacled monstrosity
 48105 | Shoals:1 | Killed a tentacled monstrosity
 48105 | Shoals:1 | Received a gift from Sif Muna
 48106 | Shoals:1 | Got Ysogeh's Guide on Burning Enchantment {god gift}
 48234 | Shoals:1 | Got Sunut's Papyrus of Mad Ravings
 48248 | Shoals:1 | Learned a level 8 spell: Summon Horrible Things
 48624 | Shoals:2 | Found Gyakute's Book Shop.
 49001 | Shoals:2 | You are sucked into a shaft and drop 1 floor!
 49001 | Shoals:3 | Noticed Jorgrun
 49012 | Shoals:3 | Killed Jorgrun
 50988 | Shoals:3 | Reached XP level 18. HP: 147/157 MP: 17/35
 51070 | Shoals:3 | Identified the +1 robe "Pamuan" {Rampage rN+ Str-4}
 51643 | Shoals:4 | Entered Level 4 of the Shoals
 51842 | Shoals:4 | Reached skill level 19 in Summonings
 52430 | Shoals:4 | Identified the +10 plate armour of the Orb Guardian {rPois}
 53517 | Shoals:4 | Received a gift from Sif Muna
 53518 | Shoals:4 | Got Pufrey's Reference Book on the Voyage {god gift}
 54107 | Shoals:4 | Got a barnacled rune of Zot
 54682 | Lair:3   | Killed pkoi's ghost
 54874 | D:11     | Bought a manual of Conjurations for 960 gold pieces
 54985 | Elf:1    | Entered Level 1 of the Elven Halls
 56616 | Elf:1    | Identified the +7 spear of Precise Incision {freeze, Drain
                  | +Blink Str-3 Int+10}
 57036 | Elf:1    | Received a gift from Sif Muna
 57044 | Elf:1    | Got Ojeroq's Disquisition on Necromancy and the Arsonist
                  | {god gift}
 58043 | Elf:2    | Reached skill level 20 in Summonings
 58219 | Elf:2    | Reached skill level 5 in Shields
 58238 | Elf:2    | Reached XP level 19. HP: 150/163 MP: 19/37
 58312 | Elf:2    | Found a runed translucent gate.
 58312 | Elf:2    | Found a runed translucent gate.
 58313 | Elf:2    | Found a runed translucent gate.
 59084 | Elf:2    | Paralysed by an air elemental for 1 turns
 59498 | Elf:3    | Entered Level 3 of the Elven Halls
 60195 | Elf:3    | Found Saggaenk's General Store.
 60201 | Elf:3    | Found Qam Xolu's General Store.
 60203 | Elf:3    | Bought a ring of protection from cold for 325 gold pieces
 60203 | Elf:3    | Bought a scroll of fear for 45 gold pieces
 60209 | Elf:3    | Bought a potion of heal wounds for 90 gold pieces
 61983 | Elf:3    | Identified the +6 swamp dragon scales of Indemnity {rElec
                  | rPois}
 62048 | Elf:3    | Identified the ring of Fun {rF+ rCorr Int+8 Dex-2 SInv}
 62563 | Elf:3    | Reached skill level 10 in Conjurations
 62739 | Elf:3    | Reached skill level 15 in Spellcasting
 62973 | Elf:3    | Reached skill level 10 in Fire Magic
 63065 | Elf:3    | Identified the +5 chain mail of Mysticism {Harm rPois rN+
                  | Int+4 Dex-2}
 63223 | Elf:3    | Identified the +6 halberd of Courage {vorpal, Dex+2}
 63585 | Elf:3    | Got the Papyrus of the Countless Hosts
 63677 | Elf:3    | Identified the +2 pair of gloves "Yraenibb" {rN++ Str-4
                  | Int+4 SInv}
 63917 | Orc:2    | Bought a +2 cloak for 264 gold pieces
 63939 | Orc:2    | Learned a level 7 spell: Spellforged Servitor
 64091 | Vaults:1 | Entered Level 1 of the Vaults
 64145 | Vaults:1 | Received a gift from Sif Muna
 67075 | Vaults:1 | Reached XP level 20. HP: 171/171 MP: 25/39
 67243 | Vaults:2 | Received a gift from Sif Muna
 67295 | Vaults:2 | Got Ziacrieb's Catalogue of Ashen Lightness {god gift}
 67789 | Vaults:2 | Reached skill level 21 in Summonings
 68175 | Vaults:2 | Noticed Nikola
 68196 | Vaults:2 | Killed Nikola
 69402 | Vaults:2 | Learned a level 6 spell: Iron Shot
 69520 | Vaults:3 | Found a magical portal.
 69525 | WizLab   | Entered Tukima's Studio
 69770 | WizLab   | Reached skill level 10 in Dodging
 69979 | WizLab   | Noticed fictitious's illusion
 69996 | WizLab   | Noticed fictitious's illusion
 70546 | WizLab   | Identified the -2 pair of boots of Least Resistance {MP+9}
 70639 | WizLab   | Noticed fictitious's illusion
 71722 | Vaults:3 | Received a gift from Sif Muna
 71775 | Vaults:3 | You fall into a shaft and drop 1 floor!
 71862 | Vaults:2 | Noticed Mara
 71869 | Vaults:2 | Killed Mara
 72924 | Vaults:3 | Found a staircase to the Crypt.
 73606 | Vaults:4 | Reached XP level 21. HP: 178/178 MP: 27/40
 73665 | Vaults:4 | Found a transporter.
 73697 | Vaults:4 | Found a one-way gate to the infinite horrors of the Abyss.
 73697 | Vaults:4 | Noticed Myucewn's ghost (veteran MiFi)
 73726 | Vaults:4 | Found a transporter.
 74061 | Vaults:4 | Received a gift from Sif Muna
 74490 | Vaults:4 | Identified the +1 chain mail "Duon" {rCorr}
 74555 | Vaults:4 | Reached skill level 10 in Invocations
 76133 | Vaults:4 | Identified the +6 short sword of the Known World {elec, rF-
                  | rN+ SInv}
 76404 | Spider:4 | Entered Level 4 of the Spider Nest
 76807 | Spider:4 | Received a gift from Sif Muna
 76808 | Spider:4 | Got Byopaoj's Tome of Fiery Execration {god gift}
 77115 | Spider:4 | Reached skill level 10 in Shields
 77679 | Spider:4 | Got a gossamer rune of Zot
 78910 | Elf:2    | Received a gift from Sif Muna
 79738 | Depths:1 | Entered Level 1 of the Depths
 79738 | Depths:1 | Found a shimmering altar of Xom.
 80117 | Depths:1 | Reached XP level 22. HP: 161/185 MP: 37/42
 80612 | Depths:1 | Noticed Saint Roka
 80641 | Depths:1 | Killed Saint Roka
 80942 | Depths:1 | Found Juxask's Jewellery Shoppe.
 80943 | Depths:1 | Found Finaps's Book Boutique.
 80945 | Depths:1 | Found Etragrolo's Jewellery Shoppe.
 80954 | Depths:1 | Bought the ring "Miteb" {Will+ rCorr EV+4 Str+4} for 1064
                  | gold pieces
 81051 | Depths:1 | Noticed Bai Suzhen
 81077 | Depths:1 | Killed Bai Suzhen
 81451 | Depths:1 | Noticed the Enchantress
 81468 | Depths:1 | Killed the Enchantress
 81480 | Depths:1 | Received a gift from Sif Muna
 81494 | Depths:1 | Got Sif Muna's Tome of the Supportive Birds {god gift}
 81687 | Depths:1 | Learned a level 9 spell: Dragon's Call
 82308 | Depths:2 | Noticed Asterion
 82313 | Depths:2 | Killed Asterion
 82480 | Depths:2 | Found a runed translucent door.
 82490 | Depths:2 | Noticed bronco's ghost (veteran DEFi)
 82511 | Depths:2 | Noticed a golden dragon
 82516 | Depths:2 | Reached skill level 15 in Conjurations
 82521 | Depths:2 | Killed a golden dragon
 82522 | Depths:2 | Reached skill level 15 in Fire Magic
 82911 | Depths:2 | Noticed a golden dragon
 82918 | Depths:2 | Killed a golden dragon
 83130 | Depths:2 | Noticed a juggernaut
 83144 | Depths:2 | Killed a juggernaut
 83434 | Depths:2 | Noticed a golden dragon
 83437 | Depths:2 | a golden dragon changed into an acid blob
 83510 | Depths:2 | Noticed a juggernaut
 83521 | Depths:2 | Killed a juggernaut
 83761 | Depths:2 | Acquired 1261 gold pieces
 83764 | Depths:2 | Identified the +1 hand axe "Koppoc" {flame, Fragile rPois
                  | Str+2 Dex+5}
 84137 | Depths:2 | Found a one-way gate leading to the halls of Pandemonium.
 84184 | Depths:2 | Killed bronco's ghost
 84369 | D:11     | You paid a toll of +4 shadow dragon scales to enter a
                  | treasure trove
 84370 | Trove    | Entered a treasure trove
 84377 | Trove    | Identified the +7 lajatang "Kawkecwoaja" {elec, rC+}
 84378 | Trove    | Identified the amulet of the Tuna {rC+ Will+ Regen+ rCorr
                  | Int-5}
 84380 | Trove    | Identified the amulet of Pigho {rPois Regen+}
 84390 | Trove    | Identified the +1 hat of Impermeability {Will+ Int+4}
 85067 | Depths:3 | Reached XP level 23. HP: 127/193 MP: 21/43
 85068 | Depths:3 | Reached skill level 22 in Summonings
 85100 | Depths:3 | Received a gift from Sif Muna
 85592 | Depths:3 | Found a one-way gateway to a ziggurat.
 85752 | Depths:2 | Learned a level 8 spell: Ignition
 86042 | Depths:4 | Entered Level 4 of the Depths
 86141 | Depths:4 | Noticed a caustic shrike
 86141 | Depths:4 | Noticed a caustic shrike
 86141 | Depths:4 | Noticed a caustic shrike
 86141 | Depths:4 | Noticed a caustic shrike
 86144 | Depths:4 | Noticed a caustic shrike
 86145 | Depths:4 | Noticed a caustic shrike
 86145 | Depths:4 | Noticed a caustic shrike
 86150 | Depths:4 | Noticed a caustic shrike
 86156 | Depths:4 | Killed a caustic shrike
 86157 | Depths:4 | Killed a caustic shrike
 86160 | Depths:4 | Killed a caustic shrike
 86161 | Depths:4 | Killed a caustic shrike
 86166 | Depths:4 | Killed a caustic shrike
 86170 | Depths:4 | Killed a caustic shrike
 86176 | Depths:4 | Killed a caustic shrike
 86182 | Depths:3 | Killed a caustic shrike
 86332 | Depths:4 | Noticed a caustic shrike
 86333 | Depths:4 | Noticed a caustic shrike
 86337 | Depths:4 | Noticed a caustic shrike
 86343 | Depths:3 | Killed a caustic shrike
 86344 | Depths:3 | Killed a caustic shrike
 86480 | Depths:4 | Noticed a caustic shrike
 86491 | Depths:3 | Killed a caustic shrike
 86932 | Depths:4 | Reached skill level 23 in Summonings
 87070 | Depths:4 | Found a gate to the Realm of Zot.
 87973 | Depths:4 | Killed a caustic shrike
 88255 | Vaults:5 | Entered Level 5 of the Vaults
 88256 | Vaults:5 | Received a gift from Sif Muna
 88406 | Vaults:5 | Reached XP level 24. HP: 180/203 MP: 25/44
 88844 | Vaults:5 | Noticed an ancient lich
 88850 | Vaults:5 | Killed an ancient lich
 88853 | Vaults:5 | Identified the ring "Ralleut" {rC+ rN++ Int+2}
 89185 | Vaults:5 | Identified the +0 helmet of the Loofah {-Cast rF+ Slay+4}
 89187 | Vaults:5 | Got a silver rune of Zot
 89277 | Vaults:5 | Identified the ring of Vaicusee {rC+ Int+3}
 89546 | Vaults:5 | Received a gift from Sif Muna
 89547 | Vaults:5 | Got Ruarogea's Guide on Flying Companions {god gift}
 89885 | Vaults:5 | Identified the ring of Cockedde {Will+ Slay+3}
 90076 | Vaults:5 | Reached skill level 24 in Summonings
 90286 | Vaults:5 | Found Miuxasatt's Antique Armour Shop.
 90669 | Vaults:5 | Found Assoug's Magic Scroll Shop.
 90678 | Vaults:5 | Identified the +4 spear of Maifeun {vamp, Str+2}
 90682 | Vaults:5 | Bought a scroll of immolation for 70 gold pieces
 90682 | Vaults:5 | Bought a scroll of acquirement for 1040 gold pieces
 90682 | Vaults:5 | Bought a scroll of acquirement for 1040 gold pieces
 90682 | Vaults:5 | Acquired the +18 shield of the Gong {rElec rN+ Will+ EV-5}
 90682 | Vaults:5 | Found the +18 shield of the Gong {rElec rN+ Will+ EV-5}
 90715 | Vaults:5 | Acquired a staff of fire
 91234 | Zot:1    | Entered Level 1 of the Realm of Zot
 91612 | Zot:1    | Found a runed translucent door.
 91612 | Zot:1    | Noticed Flapstick's ghost (legendary HaBe)
 91697 | Zot:1    | Reached skill level 1 in Polearms
 92532 | Zot:2    | Reached skill level 15 in Fighting
 92532 | Zot:2    | Noticed an orb of fire
 92547 | Zot:1    | Killed an orb of fire
 93003 | Zot:2    | Reached XP level 25. HP: 205/213 MP: 23/45
 93017 | Zot:2    | Received a gift from Sif Muna
 93024 | Zot:2    | Got Koniop's Compendium of the Candlemaker {god gift}
 93622 | Zot:3    | Reached skill level 5 in Polearms
 94531 | Zot:3    | Noticed an orb of fire
 94533 | Zot:3    | Gained mutation: You are dopey. (Int -2) [an orb of fire]
 94540 | Zot:3    | Killed an orb of fire
 95309 | Zot:4    | Noticed a Killer Klown
 95313 | Zot:4    | Killed a Killer Klown
 95656 | Zot:4    | Found a runed translucent door.
 95658 | Zot:4    | Noticed croobank's ghost (veteran HOFi)
 96434 | Zot:5    | Entered Level 5 of the Realm of Zot
 97376 | Zot:5    | Received a gift from Sif Muna
 97377 | Zot:5    | Got Sif Muna's Handbook of the Arsonist and the Mountains
                  | {god gift}
 97513 | Zot:5    | Noticed an ancient lich
 97520 | Zot:5    | Killed an ancient lich
 97521 | Zot:5    | Reached skill level 15 in Shields
 97671 | Zot:5    | Noticed an orb of fire
 97678 | Zot:5    | Noticed an orb of fire
 97678 | Zot:5    | Noticed an orb of fire
 97678 | Zot:5    | Noticed an ancient lich
 97680 | Zot:5    | Gained mutation: You have a pair of small antennae on your
                  | head. [an orb of fire]
 97710 | Zot:5    | Killed an orb of fire
 97711 | Zot:5    | Noticed an orb of fire
 97934 | Zot:5    | Killed an orb of fire
 97949 | Zot:5    | Killed an orb of fire
 98455 | Zot:5    | Killed an ancient lich
 98723 | Zot:5    | Noticed an orb of fire
 98731 | Zot:5    | Killed an orb of fire
 98739 | Zot:5    | Noticed a Killer Klown
 98739 | Zot:5    | Gained mutation: You are very dopey. (Int -4) [an orb of
                  | fire]
 98748 | Zot:5    | Killed an orb of fire
 98751 | Zot:5    | Killed a Killer Klown
 98799 | Zot:5    | Noticed an ancient lich
 98807 | Zot:5    | Killed an ancient lich
 98808 | Zot:5    | Reached XP level 26. HP: 222/222 MP: 18/45
 98917 | Zot:5    | Noticed an ancient lich
 98926 | Zot:5    | Killed an ancient lich
 99614 | Zot:5    | Got the Orb of Zot
 99990 | D:10     | Noticed Qoete the pandemonium lord
100005 | D:9      | Noticed Cunihing the pandemonium lord
100129 | D:6      | Noticed Unkiuro the pandemonium lord
100163 | D:4      | Noticed Poizaem the pandemonium lord
100236 | D:1      | Noticed Kaatuydu the pandemonium lord
100297 | D:$      | Escaped with the Orb!

Illustrated notes

Levels and vault maps discovered:
D:1:      kb_arrival_jail, layout_rooms, serial_curves, eino_curves_01,
          eino_curves_02, eino_curves_01, columned_hall_lemuel, minmay_3d_cube
D:2:      layout_basic, dk_noncrumbling_3, guppyfry_early_orc_mine
D:3:      layout_rooms, uniq_natasha, uniq_sigmund
D:4:      layout_basic, uniq_menkaure
D:5:      layout_rooms, eat_drink_and_be_merry_uskayaw,
          nicolae_overflow_hidden_temple, moated_statue
D:6:      layout_loops_ring, good_gods_temple_1, minitemple,
          grunt_decor_resistance, hangedman_decor_slide_cut,
          palyth_stone_intersect
D:7:      layout_layer_cave, minmay_temple_entry_antechambers, serial_bayou,
          serial_bayou_shore_a, serial_bayou_pond_e, serial_bayou_pond_d,
          serial_bayou_shore_b, minmay_misc_feat_diagonals
D:8:      minmay_the_grid_triangle_9x9_rhombus_thin
          [minmay_the_grid_triangle_9x9_zippers_horizontal,
          minmay_the_grid_triangle_9x9_prize_insulated,
          minmay_the_grid_triangle_9x9_minimal,
          minmay_the_grid_triangle_9x9_flanged_cone], layout_loops_corners,
          serial_shops, nicolae_lakefront_shop, uniq_grum
D:9:      layout_roguey, mainiacjoe_overflow_alcove_4, serial_shops,
          nicolae_diamond_shop, uniq_psyche, uniq_pikel
D:10:     layout_grid_maze, orc_0_dummy, serial_shops, kennysheep_mini_moat,
          shop, nicolae_shop_statue_plus, uniq_harold, uniq_josephine
D:11:     layout_basic, david_lair_shrubbed, enter_trove_1,
          minmay_strange_pillars, nicolae_blasting_shop
D:12:     layout_long_grid, vehumet_statue, uniq_nergalle, uniq_fannar
D:13:     nicolae_whirlpool, layout_irregular_city, nicolae_evil_shop
D:14:     layout_cave_pools, david_vaults_3, minmay_crystal_water
D:15:     grunt_enter_depths_snipers, layout_basic, minmay_misc_feat_cross,
          gammafunk_ghost_crypt, uniq_rupert
Temple:   nicolae_temple_figure_eight
Lair:1:   layout_gridlike, minivault_19, ldierk_geyser, lemuel_oklob_altar,
          infiniplex_staircase_pool_2, lemuel_fruit_tree, uniq_gastronok
Lair:2:   layout_cave_pods, spider_nest_entry_webs, lemuel_fruit_fields
Lair:3:   layout_loops_ring, basic_altar, ebering_ghost_funeral_grove
Lair:4:   layout_loops_ring, elwin_shoals_entry_rocks,
          portal_ice_cave_demonic_guard, grunt_megastairs_5
Lair:5:   cheibrodos_magma_flow, layout_gridlike, guppyfry_lair_drakes
Lair:6:   evil_forest, layout_gridlike, nicolae_slime_entry_slimehenge,
          minmay_stone_trees_large, chequers_serial_rivers_micro_d,
          grunt_forest_small_clearings, grunt_forest_large_clearings
Shoals:1: dreamdust_from_the_deep, layout_shoals, uniq_donald
Shoals:2: layout_shoals, serial_shops, shop
Shoals:3: cheibrodos_shoals_epimethial_gifts, layout_shoals, uniq_jorgrun
Shoals:4: shoals_end_simple, layout_shoals, nicolae_shoals_shepherds
Spider:1: layout_spider_delve, uniq_frances
Spider:2: layout_spider_delve
Spider:3: nicolae_spider_hilbert_zone_2 [nicolae_spider_hilbert_4_sides_1_open,
          nicolae_spider_hilbert_4_sides_1_open,
          nicolae_spider_hilbert_4_sides_1_open,
          nicolae_spider_hilbert_4_sides_1_open,
          nicolae_spider_hilbert_6_sides_1_open,
          nicolae_spider_hilbert_6_sides_1_open,
          nicolae_spider_hilbert_3_sides_1_open,
          nicolae_spider_hilbert_3_sides_1_open,
          nicolae_spider_hilbert_3_sides_1_open,
          nicolae_spider_hilbert_3_sides_1_open,
          nicolae_spider_hilbert_6_sides_1_open,
          nicolae_spider_hilbert_6_sides_1_open,
          nicolae_spider_hilbert_6_sides_1_open,
          nicolae_spider_hilbert_6_sides_1_open]
Spider:4: guppyfry_spider_rune, drop_trap
Orc:1:    layout_diamond_mine
Orc:2:    st_orc_pillars, layout_caves, basic_altar, mines5_lemuel, uniq_azrael
Elf:1:    nicolae_elf_arrival_fired_up, layout_geoelf_diagonals,
          hangedman_elf_disciples, minivault_25_ag, drop_trap, minivault_25_ag
Elf:2:    nicolae_elf_blades_splatter_lattice [mumra_blade_entry_bloodbath],
          layout_geoelf_diagonals, amcnicky_mini_rare_corridor_liquid
Elf:3:    minmay_elf_hall_not_hex, layout_gridlike, minmay_shoptagon,
          grunt_megastairs_2
Vaults:1: v_misc_26, nicolae_vaults_shelves_hall, grunt_vaults_focal,
          nicolae_vaults_big_angled_halls, v_misc_4, ontoclasm_vaults_ligature,
          st_more_cells, vaults_mumra_hex, ontoclasm_vaults_claustrophobia,
          layout_vaults_chaotic_city
Vaults:2: v_alt_pattern_2, v_alt_pattern_1, ontoclasm_vaults_shuriken,
          v_misc_15, layout_vaults_omnigrid, uniq_mara, uniq_nikola
Vaults:3: mu_enter_wizlab_1, v_misc_30, minmay_crypt_entry_simple_plaza,
          v_misc_22, hangedman_vaults_river_flow, nicolae_vaults_halls_meeting,
          nicolae_vaults_little_squares_4, nicolae_vaults_hallways_thing,
          v_misc_3, vaults_room_door_ring, hangedman_vaults_nails,
          vaults_dpeg_encased_lava, nicolae_vaults_little_squares_3,
          layout_vaults_ring
Vaults:4: gammafunk_ghost_abyssal_escape, grunt_vaults_swirl, vaults_mumra_lcd,
          nicolae_vaults_three_branches, nicolae_vaults_triangles,
          dpeg_vaults_pockets_of_resistance, vaults_room_pool,
          vaults_dpeg_spiral, v_pattern_5, nicolae_vaults_rhombus_6, v_misc_16,
          vaults_mumra_minichess_inversion, hangedman_vaults_stagger,
          vaults_dpeg_ring, v_misc_24, nicolae_vaults_asterisk,
          layout_vaults_omnibox
Vaults:5
Depths:1: evilmike_marble_ring, layout_cave_pools, minmay_misc_feat_alley,
          hangedman_coc_ice_floe, xom_teletrap_fun, minmay_shop_grove,
          uniq_saint_roka, uniq_bai_suzhen, uniq_enchantress
Depths:2: minmay_tile_spiral, layout_cave_pools, ebering_ghost_inner_flame,
          rand_demon_pan_entry_4, minmay_misc_feat_tiny, hell_entry,
          minmay_staircase_statues_hall_small, firewood_loft, uniq_asterion
Depths:3: hellmonk_destroyed_diamonds, layout_cave_pools, enter_ziggurat_f,
          abyss_entry_small_statue_room, grunt_mini_vestibule, kennysheep_nub
Depths:4: evilmike_zot_entry_basic, layout_cave_pools,
          pf_vacation_house_of_asmodeus, serial_bayou, serial_bayou_lagoon_a,
          serial_bayou_pond_d, serial_bayou_pond_a, serial_bayou_pond_b,
          lemuel_flamethrower_2
Zot:1:    layout_misc_corridors, hellmonk_ghost_happy_afterlife, zot_minivault_1
Zot:2:    layout_onion_interference
Zot:3:    layout_twisted_circle, st_large_dragon_hoard_1
Zot:4:    layout_twisted_circle, ebering_ghost_reflecting_pool,
          grunt_megastairs_4
Zot:5:    layout_twisted_circle

Skill      XL: |  1  2  3  4  5  6  7  8  9 10 11 12 13 14 15 16 17 18 19 20 21 22 23 24 25 26 |
---------------+-------------------------------------------------------------------------------+-----
Fighting       | 1 2 3 4 5 6 8 9 10 12 13 14 15 16 | 16.1
Short Blades   | 1 2 3 |  3.0
Spellcasting   | 3 4 6 8 9 10 11 12 13 14 15 16 17 18 | 18.9
Summonings     | 5 6 8 12 13 14 15 17 18 20 21 23 24 | 24.6
Dodging        | 3 5 6 8 9 10 12 | 12.8
Stealth        | 2 |  2.0
Staves         | 1 4 6 7 8 9 11 12 14 | 14.0
Hexes          | 2 3 |  3.0
Air Magic      | 3 4 |  4.0
Invocations    | 4 6 7 9 12 13 14 | 14.4
Fire Magic     | 2 4 6 8 9 10 11 14 15 17 18 | 18.0
Conjurations   | 2 3 5 7 8 11 14 15 | 15.0
Shields        | 3 5 6 8 10 11 16 | 16.0
Polearms       | 3 8 |  8.0

Action                   |  1- 3 |  4- 6 |  7- 9 | 10-12 | 13-15 | 16-18 | 19-21 | 22-24 | 25-27 || total
-------------------------+-------+-------+-------+-------+-------+-------+-------+-------+-------++-------
Melee: Dagger            |   113 |     6 |       |       |       |       |       |       |       ||   119
       Unarmed           |     3 |       |       |       |       |       |       |       |       ||     3
       Tailslap          |     9 |     8 |     7 |    18 |    76 |   118 |    90 |    89 |    42 ||   457
       Rapier            |       |    25 |       |       |       |       |       |       |       ||    25
       Lajatang          |       |       |    94 |   223 |   512 |   139 |       |       |       ||   968
       Spear             |       |       |       |    17 |     6 |   449 |   551 |   507 |   173 ||  1703
       Punch             |       |       |       |     1 |       |     6 |       |       |       ||     7
       Quarterstaff      |       |       |       |       |       |    23 |       |       |       ||    23
Throw: Throwing net      |       |       |       |     3 |     4 |     1 |     8 |       |     1 ||    17
 Cast: Summon Small Mamm |    28 |     6 |     1 |       |     1 |       |       |       |       ||    36
       Call Imp          |    14 |    10 |    23 |     2 |       |       |       |       |       ||    49
       Call Canine Famil |     1 |     9 |    34 |    45 |    34 |       |       |       |       ||   123
       Summon Lightning  |       |       |     8 |    72 |   123 |   100 |    68 |     1 |       ||   372
       Summon Guardian G |       |       |     2 |     6 |       |       |       |       |       ||     8
       Summon Cactus Gia |       |       |       |       |    46 |    20 |    18 |     8 |       ||    92
       Monstrous Menager |       |       |       |       |    99 |   179 |   159 |    63 |     7 ||   507
       Summon Ice Beast  |       |       |       |       |    17 |     5 |       |       |       ||    22
       Summon Hydra      |       |       |       |       |    56 |   180 |    19 |       |       ||   255
       Sticky Flame      |       |       |       |       |       |     3 |    15 |     9 |     6 ||    33
       Spellforged Servi |       |       |       |       |       |       |   106 |   106 |    43 ||   255
       Fireball          |       |       |       |       |       |       |    19 |     9 |     7 ||    35
       Summon Horrible T |       |       |       |       |       |       |    63 |    76 |    19 ||   158
       Dragon's Call     |       |       |       |       |       |       |       |    15 |    33 ||    48
       Ignition          |       |       |       |       |       |       |       |     4 |       ||     4
       Iron Shot         |       |       |       |       |       |       |       |     2 |     3 ||     5
       Ozocubu's Refrige |       |       |       |       |       |       |       |       |     1 ||     1
Invok: Channel Magic     |       |       |       |       |     5 |     4 |     6 |    10 |     5 ||    30
       Forget Spell      |       |       |       |       |     1 |     1 |     1 |       |       ||     3
       Divine Exegesis   |       |       |       |       |       |       |       |       |     1 ||     1
 Abil: Breathe Steam     |       |       |     4 |     2 |    12 |     3 |    16 |     5 |     1 ||    43
Evoke: Wand              |     1 |     4 |     4 |    14 |       |     3 |    10 |       |     4 ||    40
       Phantom mirror    |       |       |       |       |       |       |       |     1 |       ||     1
  Use: Scroll            |       |     6 |     8 |    10 |    13 |     5 |    11 |    17 |     9 ||    79
       Potion            |       |       |     1 |     4 |     2 |     1 |     4 |     3 |     7 ||    22
 Stab: Sleeping          |     4 |     1 |     2 |     1 |     5 |     1 |     5 |       |       ||    19
       Paralysed         |       |       |     2 |     6 |       |     1 |       |     2 |       ||    11
       Distracted        |       |       |     1 |     6 |    14 |    16 |    13 |    14 |     7 ||    71
       Held in net/web   |       |       |       |     2 |       |       |     1 |       |       ||     3
       Invisible         |       |       |       |       |     1 |       |       |       |       ||     1
       Confused          |       |       |       |       |       |     1 |       |       |       ||     1
Armor: Skin              |    48 |    15 |    35 |   105 |   152 |   353 |   115 |    78 |    26 ||   927
Dodge: Dodged            |    90 |    17 |    85 |   148 |   296 |   466 |   192 |   261 |    82 ||  1637
       Repelled          |       |       |       |       |     6 |    12 |     6 |       |       ||    24
Block: Other             |       |       |       |    63 |   101 |   117 |       |       |       ||   281
       Reflection        |       |       |       |     4 |    12 |    28 |    44 |     4 |       ||    92
       Buckler           |       |       |       |       |       |   120 |   245 |   169 |    46 ||   580
       Kite shield       |       |       |       |       |       |       |       |       |     8 ||     8
